 Dungeon Crawl Stone Soup version 0.30.1-9-gdf580d7c3d (webtiles) character file.

Game seed: 3148284772915163013

4806 growler the Zephyrmancer (level 10, 0/56 HPs)
             Began as a Tengu Air Elementalist on Oct 15, 2023.
             Was a Priest of Hepliaklqana.
             Shot with an arrow by a centaur warrior (16 damage)
             ... on level 9 of the Dungeon.
             The game lasted 00:27:34 (10343 turns).

growler the Zephyrmancer (Tengu Air Elementalist)  Turns: 10343, Time: 00:27:35

Health: 0/56       AC:  5    Str:  9    XL:     10   Next: 48%
Magic:  16/20      EV: 15    Int: 19    God:    Hepliaklqana [***...]
Gold:   328        SH:  0    Dex: 21    Spells: 11/21 levels left

rFire   . . .        v - +4 dagger
rCold   . . .        (no shield)
rNeg    . . .        a - +0 robe
rPois   +            (helmet restricted)
rElec   .            x - +0 cloak
rCorr   .            D - +1 pair of gloves
SInv    .            (boots unavailable)
Will    .....        (no amulet)
Stlth   ++           h - ring of poison resistance
HPRegen 0.29/turn    E - +6 ring of dexterity
MPRegen 0.17/turn

%: no passive effects
@: flying quickly and evasively, quick
A: reduced essence, beak, talons 3, nimble flight
a: Renounce Religion, Recall Ancestor, Ancestor Identity, Transference


You were on level 9 of the Dungeon.
You worshipped Hepliaklqana.
Hepliaklqana was most pleased with you.
You visited 2 branches of the dungeon, and saw 10 of its levels.

You collected 328 gold pieces.

Inventory:

Hand Weapons
 v - a +4 dagger (weapon)
Missiles
 y - a throwing net
Armour
 a - a +0 robe (worn)
 x - a +0 cloak (worn)
 D - a +1 pair of gloves (worn)
Jewellery
 h - a ring of poison resistance (left hand)
 B - a ring of protection from cold
 E - a +6 ring of dexterity (right hand)
 F - a ring of ice
 H - a ring of see invisible
Wands
 e - a wand of iceblast (9)
 r - a wand of polymorph (7)
 G - a wand of paralysis (6)
 I - a wand of flame (15)
Scrolls
 c - a scroll of enchant armour
 f - a scroll of fog {unknown}
 i - a scroll of poison
 k - 6 scrolls of teleportation
 l - 5 scrolls of blinking
 o - a scroll of fear
 p - a scroll of magic mapping
 s - 2 scrolls of torment {unknown}
 w - a scroll of vulnerability {unknown}
 z - a scroll of noise {unknown}
 A - a scroll of amnesia {unknown}
 C - 2 scrolls of immolation {unknown}
Potions
 b - 2 potions of magic
 d - 6 potions of heal wounds {unknown}
 g - 6 potions of curing {unknown}
 j - 3 potions of might {unknown}
 m - 3 potions of lignification {unknown}
 n - 2 potions of cancellation
 q - a potion of degeneration
 t - 6 potions of brilliance {unknown}
 u - 2 potions of mutation
 J - 2 potions of ambrosia {unknown}


   Skills:
 + Level 7.6 Fighting
 + Level 4.8 Short Blades
 - Level 2.1 Dodging
 - Level 2.0 Stealth
 - Level 6.0 Spellcasting
 - Level 6.0 Conjurations
 + Level 12.8 Air Magic


You had 11 spell levels left.
You knew the following spells:

 Your Spells              Type           Power      Damage    Failure   Level
a - Shock                 Conj/Air       100%       1d9       1%          1
b - Static Discharge      Conj/Air       82%        2-6/arc   1%          2
c - Swiftness             Air            53%        N/A       1%          3
d - Airstrike             Air            26%        2d(4-20)  1%          4

Your spell library contained the following spells:

 Spells                   Type           Power      Damage    Failure   Level
 Momentum Strike          Conj/Tloc      34%        3d8       4%          2
 Hailstorm                Conj/Ice       17%        3d6       10%         3
 Freeze                   Ice            20%        1d4       11%         1
 Blink                    Tloc           10%        N/A       17%         2
 Lesser Beckoning         Tloc           10%        N/A       17%         2
 Frozen Ramparts          Ice            10%        1d2       32%         3
 Chain Lightning          Conj/Air       20%        3d27      100%        9
 Fire Storm               Conj/Fire      8%         8d2       100%        9
 Shatter                  Erth           2%         3d6*      100%        9


Dungeon Overview and Level Annotations

Branches:
Dungeon (9/15)             Temple (1/1) D:4            Lair (0/5) D:8
    Orc: D:9-12

Altars:
Cheibriados
Dithmenos
Elyvilon
Hepliaklqana
Nemelex Xobeh
Ru
Trog
Vehumet
Xom
Yredelemnul
Zin

Shops:
D:4 *   D:6 *

Annotations:
D:8 3 runed translucent doors, fitz's ghost, novice BaHu


Innate Abilities, Weirdness & Mutations

Your life essence is reduced to manifest your ancestor. (-10% HP)
You have a beak for a mouth.
You have claws for feet.
Your magical nature lets you fly swiftly and evasively.


Message History

There is an open door here.
You swap places.
There is an open door here.
There is an open door here.
Things that are here:
a +0 whip; a +0 dagger; 3 stones
There is an open door here.
Fitz's ghost turns its malevolent gaze towards you.
You swap places.
There is an open door here.
Things that are here:
a +0 whip; 3 poisoned darts
Things that are here:
a +0 short sword; 2 stones
There is a large open door here.
There is a large open door here.
There is a staircase to the Lair, spattered with blood here.
You see here a +0 hand axe.
There is a stone staircase leading down here.
You fly downwards.
There is a stone staircase leading up here.
You swap places.
You reach down and open the door.
There is an open door here.
You reach down and open the door.
There is an open door here.
A centaur warrior comes into view.
The centaur warrior wields a +0 longbow.
The centaur warrior shoots an arrow.
The arrow hits you!
Casting: Static Discharge (safe; 1% risk of failure)
Confirm with . or Enter, or press ? or * to list all spells.
Aiming: Airstrike (dangerous; 1% risk of failure)
Press: ? - help, Dir - move target, f - centaur warrior
Aim: a centaur warrior, wielding a +0 longbow (empty space bonus: 2/8)
The air twists around and strikes the centaur warrior!
The centaur warrior is lightly wounded.
The centaur warrior shoots an arrow.
The arrow hits you!!
* * * LOW HITPOINT WARNING * * *
The centaur warrior shoots an arrow.
The arrow hits you!
You die...

#.#####..#......#.#
#'#####..#...##.#.#
.....##..#........### #
.....##..#.......... ..
.....##..#...##.#.###.#
......................#
...............R......#.
#.#####..#.#.##.#?#....c
... .....#......@.....#
..# ###..#.###..#.#...#
.. ............# ...
...........#.# .
.##..#.###..#.# #..#
#..#.# #.##.# #. .#


You could see the friendly Reggie B. the hexer and a centaur warrior (ally
target).

Vanquished Creatures
  A gargoyle (D:8)
  Sigmund (D:5)
  A steam dragon (D:7)
  4 yaks (D:8)
  A water moccasin (D:4)
  2 orc warriors
  3 ice beasts
  A phantom (D:5)
  A kobold brigand (D:8)
  5 bullfrogs
  8 killer bees
  A centaur zombie (D:8)
  3 hounds
  3 jellies
  11 orc priests
  Crazy Yiuf (D:5)
  2 iguanas
  Terence (D:2)
  5 orc wizards
  Natasha (twice) (D:2)
  A killer bee zombie (D:8)
  5 adders
  A shadow imp (D:7)
  2 white imps (D:5)
  2 worms
  3 dart slugs
  32 orcs
  6 endoplasms
  4 giant cockroaches
  6 goblins
  3 hobgoblins
  2 jackals (D:1)
  19 kobolds
  3 quokkas
  4 ball pythons
  9 bats
  2 frilled lizards (D:1)
  8 rats
169 creatures vanquished.

Vanquished Creatures (collateral kills)
  2 yaks (D:8)
  A steam dragon (D:8)
  An ice beast (D:7)
  2 orc warriors
  A black bear (D:5)
  A kobold brigand (D:7)
  2 scorpions
  A bullfrog (D:7)
  A killer bee (D:7)
  A hound (D:6)
  An orc priest (D:5)
  A sleepcap (D:7)
  3 orc wizards (D:8)
  6 orcs
  2 kobolds (D:8)
26 creatures vanquished.

Grand Total: 195 creatures vanquished

Notes
Turn   | Place    | Note
-------+----------+-------------------------------------------
     0 | D:1      | growler the Tengu Air Elementalist began the quest for the
                  | Orb.
     0 | D:1      | Reached XP level 1. HP: 10/10 MP: 4/4
   249 | D:1      | Reached XP level 2. HP: 15/15 MP: 0/6
   252 | D:1      | Learned a level 2 spell: Static Discharge
  1091 | D:2      | Reached XP level 3. HP: 19/19 MP: 4/7
  1095 | D:2      | Learned a level 3 spell: Swiftness
  1393 | D:2      | Noticed Terence
  1406 | D:2      | Killed Terence
  1407 | D:2      | Reached XP level 4. HP: 24/24 MP: 5/9
  1714 | D:2      | Noticed Natasha
  1718 | D:2      | Killed Natasha
  1719 | D:2      | Reached skill level 5 in Air Magic
  2060 | D:2      | Noticed Natasha
  2069 | D:2      | Killed Natasha
  2070 | D:2      | Gained mutation: Your magical nature lets you fly swiftly
                  | and evasively. [Tengu growth]
  2070 | D:2      | Reached XP level 5. HP: 10/28 MP: 4/10
  2634 | D:3      | Found a shimmering altar of Xom.
  3467 | D:3      | Found a radiant altar of Vehumet.
  3468 | D:3      | Found a hazy altar of Hepliaklqana.
  3579 | D:3      | Became a worshipper of Hepliaklqana the Forgotten
  3806 | D:3      | Learned a level 4 spell: Airstrike
  3834 | D:4      | Reached XP level 6. HP: 23/32 MP: 3/12
  3837 | D:4      | Reached skill level 6 in Air Magic
  4178 | D:4      | Found a bloodstained altar of Trog.
  4408 | D:4      | Reached * piety under Hepliaklqana
  4521 | D:4      | Reached skill level 5 in Conjurations
  4675 | D:4      | Reached XP level 7. HP: 32/32 MP: 8/14
  4782 | D:4      | Identified the +5 ring mail of Hubris {Stlth+}
  4813 | D:4      | Found Walaatzi's Serpentskin Sales.
  4833 | D:4      | Reached skill level 7 in Air Magic
  5070 | D:4      | Identified the +6 sling "Noib" {freeze, rF+ rCorr Int+3
                  | Dex-5}
  5115 | D:4      | Found a staircase to the Ecumenical Temple.
  5124 | Temple   | Entered the Ecumenical Temple
  5188 | D:5      | Entered Level 5 of the Dungeon
  5290 | D:5      | Found a runed translucent door.
  5291 | D:5      | Noticed Crazy Yiuf
  5329 | D:5      | Noticed Sigmund
  5337 | D:5      | Killed Sigmund
  5338 | D:5      | Reached skill level 5 in Spellcasting
  5415 | D:5      | Reached skill level 8 in Air Magic
  5415 | D:5      | Reached XP level 8. HP: 36/36 MP: 3/16
  5680 | D:5      | Reached skill level 1 in Fighting
  5774 | D:5      | Found a shadowy altar of Dithmenos.
  5775 | D:5      | Found a white marble altar of Elyvilon.
  5776 | D:5      | Found a sparkling altar of Nemelex Xobeh.
  5963 | D:5      | Reached skill level 9 in Air Magic
  6055 | D:5      | Found a glowing silver altar of Zin.
  6559 | D:5      | Killed Crazy Yiuf
  6738 | D:6      | Reached ** piety under Hepliaklqana
  6739 | D:6      | Remembered your ancestor Reggie B. as a hexer
  7017 | D:6      | Found Iwixiw's Fire Supplies.
  7255 | D:7      | Reached skill level 10 in Air Magic
  7255 | D:7      | Reached XP level 9. HP: 46/46 MP: 10/19
  7669 | D:7      | Reached skill level 5 in Fighting
  7825 | D:7      | Reached skill level 11 in Air Magic
  8589 | D:8      | Found a staircase to the Lair.
  8601 | D:8      | Reached skill level 1 in Short Blades
  8704 | D:8      | Reached skill level 12 in Air Magic
  8704 | D:8      | Reached XP level 10. HP: 40/54 MP: 7/20
  9403 | D:8      | Found a runed translucent gate.
  9403 | D:8      | Found a runed translucent gate.
  9403 | D:8      | Found a runed translucent gate.
  9403 | D:8      | Noticed fitz's ghost (novice BaHu)
  9405 | D:8      | Found a basalt altar of Yredelemnul.
  9604 | D:8      | Noticed a gargoyle
  9614 | D:8      | Killed a gargoyle
  9721 | D:8      | Reached *** piety under Hepliaklqana
 10342 | D:9      | Noticed a centaur warrior
 10343 | D:9      | Shot with an arrow by a centaur warrior

Illustrated notes

Levels and vault maps discovered:
D:1:      wander_arrival_estate, layout_loops_cross
D:2:      minmay_inner_zag, layout_loops_corners, uniq_natasha, uniq_terence
D:3:      layout_basic, lemuel_round_altar, gammafunk_temple_overflow_statue
D:4:      layout_loops_cross, trog_butcher_becter, temple_hall,
          minmay_crystal_room, guppyfry_shop_venom
D:5:      layout_loops_ring, minitemple, zin_academy, minmay_misc_feat_roman,
          uniq_sigmund, uniq_crazy_yiuf_cottage
D:6:      layout_basic, nicolae_shop_fire_sale [nicolae_sub_dead_trees]
D:7:      layout_basic
D:8:      layout_gridville, nicolae_yredelemnul_ghost_church, lair_entry_dummy,
          kennysheep_dice
D:9:      layout_basic
Temple:   nicolae_temple_god_jail

Skill      XL: |  1  2  3  4  5  6  7  8  9 10 |
---------------+-------------------------------+-----
Conjurations   | 2 3 4 5 6 |  6.0
Air Magic      | 5 6 8 10 12 | 12.8
Spellcasting   | 3 4 5 6 |  6.0
Fighting       | 4 6 7 |  7.6
Short Blades   | 2 4 |  4.8
Dodging        | |  2.1
Stealth        | |  2.0

Action                     |  1- 3 |  4- 6 |  7- 9 | 10-12 || total
---------------------------+-------+-------+-------+-------++-------
  Melee: Unarmed           |    25 |    13 |     8 |       ||    46
         Kick              |     6 |     2 |    11 |     5 ||    24
         Peck              |     4 |     4 |     5 |     4 ||    17
         Dagger            |       |       |    13 |    11 ||    24
   Cast: Shock             |    50 |    97 |   133 |    18 ||   298
         Static Discharge  |       |    22 |    39 |    25 ||    86
         Airstrike         |       |       |    15 |    11 ||    26
 Invoke: Ancestor Identity |       |       |     1 |       ||     1
         Ancestor Life: He |       |       |     1 |       ||     1
    Use: Scroll            |       |       |     9 |       ||     9
   Stab: Sleeping          |     1 |     1 |     2 |       ||     4
         Distracted        |     1 |       |       |       ||     1
 Armour: Robe              |     6 |     2 |     9 |    12 ||    29
  Dodge: Dodged            |    20 |    16 |    44 |    33 ||   113
